[Event "FIDE WSCC 50 2022"]
[Site "Assisi"]
[Date "2022.11.23"]
[Round "8.1"]
[White "Morovic Fernandez, Ivan"]
[Black "Lima, Darcy"]
[Result "1-0"]
[ECO "B36"]
[WhiteElo "2480"]
[BlackElo "2415"]
[Annotator "TA"]
[PlyCount "95"]
[EventDate "2022.11.14"]
[EventType "swiss"]
[EventCountry "ITA"]
[SourceTitle "playchess.com"]
[Source "ChessBase"]
[SourceQuality "1"]
[TimeControl "40/5400+30:1800+30"]

1. e4 c5 2. Nf3 Nc6 3. d4 cxd4 4. Nxd4 g6 5. c4 Nf6 6. Nc3 d6 7. Be2 Nxd4 8. Qxd4 Bg7 9. Be3 O-O 10. Qd2 a5 {[%emt 0:00:16][%cal Ba7a5,Ba5a4][%mdl 32] B36: Sicilian: Maroczy Bind: Gurgenidze System.} 11. O-O a4 12. f3 {[%emt 0:01:40] 12.Bd4 gains popularity.} Qa5 {[%emt 0:00:48] White is slightly better.} 13. Rab1 Be6 14. Rfc1 Rfc8 15. b3 axb3 16. axb3 Qb4 17. Kf1 {[%emt 0:13:39] [#]} Kf8 $146 ({Predecessor:} 17... Nd7 18. Nd5 Qxd2 19. Bxd2 Kf8 20. Bg5 f6 21. Be3 f5 22. Nf4 Bf7 23. exf5 gxf5 24. Nd5 b5 25. Rd1 bxc4 26. bxc4 Rab8 {½-½ (26) Dolezal,C (2389)-Mekhitarian,K (2544) Buenos Aires 2017}) 18. Rc2 Nd7 19. Qc1 Qa3 20. Qd1 Qa5 21. Nb5 Qd8 22. Nd4 Nc5 (22... Bxd4 $14 23. Bxd4 (23. Qxd4 f6 $14) 23... f6) 23. b4 $16 Nd7 (23... Na4 $16) 24. c5 ({Better is} 24. Nxe6+ $1 $18 fxe6 25. c5) 24... Nf6 {[%emt 0:04:20] [#]} (24... Bxd4 $16 25. Qxd4 (25. Bxd4 Qc7 $14) 25... Kg8) 25. Nxe6+ $1 $18 fxe6 26. Rd2 Ra3 27. Bd4 ({White should try} 27. Rb3 $18 Rxb3 28. Qxb3) 27... d5 28. Bb2 Raa8 29. Bxf6 (29. e5 $18) 29... Bxf6 $16 30. exd5 exd5 31. Rxd5 Qc7 32. g3 Rd8 {[%emt 0:01:01] Prevents Rd7.} 33. Bc4 Kg7 34. Qe2 (34. Kg2 {with more complications.} Rxd5 35. Qxd5 Rd8 36. Qf7+) 34... b6 35. Rbd1 {[%emt 0:06:37][%cal Oc5c6] Threatens to win with c6! White is more active.} (35. Qe6 {seems wilder.} bxc5 36. b5 Qa5 37. Rxd8 Rxd8 38. b6) 35... bxc5 36. bxc5 Rxd5 37. Bxd5 (37. Rxd5 Ra1+ 38. Kg2 Rb1 $11) 37... Rb8 38. c6 Rb2 39. Rd2 ({Don't go for} 39. Qe6 $2 Qa7 40. Qe1 Qc5 $19) 39... Rb1+ {[%emt 0:02:09] [#]} (39... Rxd2 $16 {was necessary.} 40. Qxd2 Qd6) 40. Kg2 $1 $18 {[%emt 0:02:30] aiming for Qe6.} ({Don't play} 40. Rd1 Rb2 41. Rd2 (41. Qe6 $2 Qa7 $19) 41... Rxd2 42. Qxd2 Qd6) 40... Bc3 $2 (40... Qe5 {is tougher.} 41. Qf2 Ra1) 41. Rc2 Re1 42. Qc4 Ba5 43. Be4 Rd1 44. Qe6 {[%emt 0:00:00] Hoping for Bd5.} Bb6 (44... Rd6 $142 45. Qe5+ Rf6) 45. Bd5 Kh6 46. Rc4 {[%emt 0:00:00] White wants to mate with Rh4+.} Kg7 47. Rc2 $2 (47. Qf7+ {mates} Kh6 48. Rh4+ Kg5 49. f4+ Qxf4 50. Qxf4#) 47... Qd8 $2 (47... Kh6 $11) 48. Qe5+ {[%emt 0:00:30] Weighted Error Value: White=0.38/Black=0.48} 1-0

[Event "FIDE WSCC 50 2022"]
[Site "Assisi"]
[Date "2022.11.23"]
[Round "8.2"]
[White "Holzke, Frank"]
[Black "Sturua, Zurab"]
[Result "0-1"]
[ECO "E20"]
[WhiteElo "2476"]
[BlackElo "2522"]
[Annotator "TA"]
[PlyCount "66"]
[EventDate "2022.11.14"]
[EventType "swiss"]
[EventCountry "ITA"]
[SourceTitle "playchess.com"]
[Source "ChessBase"]
[SourceQuality "1"]
[TimeControl "40/5400+30:1800+30"]

1. d4 Nf6 2. c4 e6 3. Nc3 Bb4 4. f3 c5 5. d5 O-O 6. e4 d6 {[%emt 0:00:11] E20: Nimzo-Indian: 4 g3 and 4 f3.} (6... b5 {seems wilder.} 7. Bg5 h6 8. Bh4 d6) 7. Bd2 Re8 8. Nge2 exd5 {[%emt 0:03:40] The position is equal.} 9. cxd5 Nbd7 10. Ng3 {[%emt 0:17:35] [#]} h5 $5 $146 {[%emt 0:08:42][%cal Bh7h5,Bh5h4][%mdl 8] New and interesting.} ({Predecessor:} 10... Ne5 11. Be2 a6 12. O-O Bd7 13. a4 h6 14. Kh1 Rc8 15. Qc2 c4 16. Rfb1 Ba5 {½-½ (62) Cruzado Duenas,C (2601)-Zautzig,H (2556) ICCF email 2014}) 11. Be2 h4 $1 12. Nf5 Ne5 13. O-O Bxf5 (13... Bxc3 {simplifies} 14. Bxc3 Bxf5 15. exf5 Rc8) 14. exf5 c4 15. Bg5 $1 Bxc3 16. bxc3 Qc8 17. f4 (17. Bxf6 $11 gxf6 18. f4) 17... Qc5+ $17 18. Kh1 Ned7 {[%emt 0:04:29] [#] aiming for ...Ne4.} 19. Bxh4 Nxd5 ({But not} 19... Qxd5 20. Qxd5 Nxd5 21. Bxc4 $11) 20. Rf3 N7f6 {[%emt 0:02:49] Black is much more active. The white rooks are badly placed.} (20... Re4 $17 21. Qd2 Rae8) 21. Bf2 $15 {[%emt 0:01:31] [#]} Nxc3 $1 {[%emt 0:02:47] Pair of Knights!} 22. Qf1 Qb4 $36 {[%emt 0:00:59][%mdl 2048] White is under pressure.} 23. Bxc4 Rac8 24. Bb3 a5 (24... Nfe4 {feels hotter.} 25. Rh3 a5 26. Bg1 a4) 25. Be1 (25. Bc2 $17 {keeps fighting.}) 25... d5 $19 26. Bd2 (26. Bf2 $17) 26... d4 27. Rb1 Qd6 28. Rb2 (28. Bxc3 {might work better.} dxc3 29. Rc1) 28... b5 29. Bc2 b4 30. Bd3 Qd5 31. Bxc3 (31. Qa1 $142) 31... dxc3 {[%emt 0:00:43] Black is clearly winning.} 32. Re2 Rxe2 33. Qxe2 a4 {[%emt 0:00:55] Weighted Error Value: White=0.61/Black=0.08 (flawless)} 0-1

[Event "FIDE WSCC 50 2022"]
[Site "Assisi"]
[Date "2022.11.23"]
[Round "8.3"]
[White "Bellia, Fabrizio"]
[Black "Antic, Dejan"]
[Result "1-0"]
[ECO "C09"]
[WhiteElo "2398"]
[BlackElo "2412"]
[Annotator "TA"]
[PlyCount "115"]
[EventDate "2022.11.14"]
[EventType "swiss"]
[EventCountry "ITA"]
[SourceTitle "playchess.com"]
[Source "ChessBase"]
[SourceQuality "1"]
[TimeControl "40/5400+30:1800+30"]

1. e4 e6 2. d4 d5 3. Nd2 c5 4. Ngf3 Nc6 5. exd5 exd5 6. Bb5 Qe7+ {[%emt 0:00:18] outshines the older 6...Bd6.} 7. Be2 Qc7 {[%emt 0:00:54] C09: French Tarrasch: 3...c5 4 exd5 exd5 5 Ngf3 Nc6.} (7... Nxd4 8. Nxd4 cxd4 9. O-O $16) 8. O-O Nf6 9. dxc5 Bxc5 {[%emt 0:00:14] White is slightly better.} 10. Nb3 Be7 11. Bg5 O-O 12. c3 Rd8 13. Re1 Bf5 14. Nfd4 {[%emt 0:09:31] [#]} Be4 $146 ({Predecessor:} 14... Bg6 15. Bh4 Ne4 16. Bxe7 Nxe7 17. Bd3 Nc6 18. f3 Nd6 19. Bf1 Qb6 20. Qd2 a5 {½-½ (40) Vokhidov,S (2519)-Kryakvin,D (2610) St Petersburg 2019}) 15. Bh4 a6 16. Bd3 Re8 17. Bxe4 dxe4 18. Qc2 (18. Nxc6 {simplifies} Qxc6 19. Qc2 Rad8 20. Re2) 18... Qf4 ({Don't take} 18... Ng4 19. Bg3 (19. Qxe4 $2 Qxh2+ 20. Kf1 Nxd4 $19) 19... Bd6 20. Rxe4 Bxg3 21. hxg3 $16 (21. fxg3 Nf6 $14)) (18... Rad8 {simplifies} 19. Nxc6 Qxc6 20. Re2 Qa4) 19. Bg3 Qg5 (19... Nxd4 $11 {remains equal.} 20. Nxd4 Qg5) 20. Nxc6 $1 $16 bxc6 21. Nd2 e3 22. Rxe3 Bc5 23. Ne4 Nxe4 24. Rxe4 Qd5 25. Rae1 Rxe4 26. Qxe4 ({Resist} 26. Rxe4 Qxa2 27. h3 Bf8 $14) 26... Rd8 (26... Qd2 $16 {might work better.} 27. Rf1 Qd7) 27. Qxd5 $18 cxd5 {[%emt 0:00:42][%mdl 4096] Endgame KRB-KRB} 28. Rd1 f6 29. Kf1 Kf7 30. f3 Ke6 31. Bf2 Bd6 32. h3 Rb8 33. Rd2 Bf4 34. Rc2 a5 35. b3 a4 36. b4 Be5 (36... Rc8 $16 37. Ke2 Be5) 37. Ke2 Rc8 {[%emt 0:03:30] [#]} 38. Bc5 $1 Bd6 39. Bxd6 Kxd6 {[%emt 0:00:05] KR-KR} 40. Kd3 Rc4 41. a3 h5 42. Rb2 Kc6 $2 (42... Rc7 43. Rb1 g6) 43. b5+ Kb6 {[%emt 0:00:08] [#]} 44. Rb4 $1 Rc7 (44... Rxb4 45. cxb4 Kxb5 46. Kd4 $18) 45. Rd4 ({Don't play} 45. Rxa4 $6 Kxb5 46. Ra8 Kc6 $16) 45... Rc5 46. Rxa4 Kxb5 47. Ra7 g5 (47... Rc4 $142 48. Rxg7 Ra4) 48. a4+ Kb6 49. Rf7 Rc6 50. Kd4 {[%emt 0:00:00] White is clearly winning.} Ka5 (50... g4 $142 51. fxg4 hxg4 52. Kxd5 Rc5+ 53. Kd4 Rf5) 51. Kxd5 Rxc3 52. Rxf6 Rc2 53. g4 Rh2 54. Ke4 Rxh3 55. Rf5+ Kxa4 56. Rxg5 h4 57. Rh5 Rh1 58. Kf4 {[%emt 0:00:00] Weighted Error Value: White=0.07 (flawless) /Black=0.24 (precise)} (58. g5 $142 h3 59. Kf5) 1-0

[Event "FIDE WSCC 50 2022"]
[Site "Assisi"]
[Date "2022.11.23"]
[Round "8.4"]
[White "Nevednichy, Vladislav"]
[Black "Novik, Maxim"]
[Result "1-0"]
[ECO "B31"]
[WhiteElo "2499"]
[BlackElo "2412"]
[Annotator "TA"]
[PlyCount "107"]
[EventDate "2022.11.14"]
[EventType "swiss"]
[EventCountry "ITA"]
[SourceTitle "playchess.com"]
[Source "ChessBase"]
[SourceQuality "1"]
[TimeControl "40/5400+30:1800+30"]

1. e4 c5 2. Nf3 Nc6 3. Bb5 g6 4. Bxc6 dxc6 5. d3 Bg7 6. h3 e5 7. O-O Qc7 {[%emt 0:00:10] B31: Sicilian: 2...Nc6 3 Bb5 g6.} 8. a4 Nf6 9. Be3 b6 {[%emt 0:02:01] White has an edge.} 10. a5 {[%emt 0:06:10] [#]} Rb8 $146 ({Predecessor:} 10... Ba6 11. Nc3 O-O 12. Nd2 Qe7 13. axb6 axb6 14. Qe2 Nd7 15. Ra2 Bb7 16. Rfa1 Rxa2 17. Rxa2 {½-½ (28) Vujacic,B (2217)-Djordjevic,B (1985) Belgrade 2021}) 11. axb6 axb6 12. Qc1 Nh5 13. c3 O-O 14. d4 f5 15. dxc5 b5 16. b4 f4 (16... Nf6 $11) 17. Bd2 $16 g5 18. Nxg5 f3 $1 19. Nxf3 (19. gxf3 $2 h6 20. Kh2 hxg5 $19) 19... Rxf3 $2 20. Qd1 $18 {[%emt 0:00:12][%mdl 64] Pin} (20. gxf3 Bxh3 21. Kh2 Bxf1 22. Qxf1 Kh8 $14) 20... Rxh3 21. gxh3 Qf7 22. Kh2 Be6 23. Be3 {[%emt 0:01:38] Hoping for Rg1.} Nf4 24. Qf3 (24. Rg1 $6 Nxh3 25. Rg2 (25. Qd6 Nxg1 26. Qxb8+ Bf8 $11) 25... Kh8 $16) 24... Bxh3 25. Rg1 Be6 26. Nd2 Kh8 27. Rg3 (27. Bxf4 exf4 28. Ra6 Rd8 $18) 27... Bh6 28. Kg1 Rf8 29. Bxf4 (29. Nf1 $18 {and White stays clearly on top.}) 29... Bxf4 $16 {[%emt 0:00:12] [#]} 30. Nf1 $1 {[%emt 0:00:02] Rg2 is the strong threat.} Qe8 $2 (30... Bxg3 $16 31. Qxf7 (31. Qxg3 $2 {too greedy.} Rg8 $19) 31... Rxf7 32. Nxg3 (32. fxg3 Rf3 $14) 32... Kg7) 31. Qg2 $2 Bxg3 $11 (31... Qe7 {is more complex.} 32. Rd3 Rg8 33. Ng3 Bc4) 32. Nxg3 Bg4 (32... Qf7 {seems wilder.} 33. Qh2 Qf4 34. Ra7 h6) 33. Qh2 Qg6 {[%emt 0:01:19] Against Qh6. Strongly threatening ...Qg5.} 34. Ra7 $40 {[%emt 0:01:03][%mdl 128] White is up to no good.} h5 $1 {[%emt 0:05:03] Threatens to win with ...Qg5.} 35. Qh4 {[%emt 0:00:04] Inhibits Qg5.} Qf6 (35... Qh6 $1 $11) 36. Qxf6+ $16 (36. Nf5 {keeps more tension.} Bf3 37. Qxf6+ Rxf6 38. Re7) 36... Rxf6 {[%emt 0:00:01][%mdl 4096] Endgame KRB-KRN} 37. Re7 Rg6 {[%emt 0:02:34] aiming for ...h4.} ({Weaker is} 37... h4 38. Nf1 $16) 38. Kh2 {[%emt 0:00:36] White is more active.} ({Of course not} 38. Rxe5 $6 h4 $11) 38... Rg5 (38... Rf6 $16 {is a better defense.}) 39. Nf5 $18 Bf3 40. Rxe5 Bxe4 41. Rxe4 Rxf5 {[%emt 0:30:01] KR-KR} 42. Kg3 Kg7 43. f4 Kf7 44. Rd4 Ke7 45. Kf3 Rf6 46. c4 bxc4 47. Rxc4 Rg6 $2 (47... Rf8 {might work better.} 48. Rd4 Rb8) 48. Re4+ Kf7 49. Rd4 h4 50. f5 Rg3+ {[%emt 0:01:14] [#]} (50... Rg5 51. Rxh4 Rxf5+ 52. Rf4 Rxf4+ 53. Kxf4 Kf8) 51. Kf4 $1 {[%emt 0:00:00] White is clearly winning.} Rg1 52. Ke5 h3 53. Rh4 Rb1 54. Ke4 $4 {[%emt 0:06:25][%mdl 40960] A wild game.   Weighted Error Value: White=0.25 (precise) /Black=0.42. Sensor Board Error (Ke4/e5)?} (54. Rh7+ $18 Kg8 55. Rxh3) 1-0

[Event "FIDE WSCC 50 2022"]
[Site "Assisi"]
[Date "2022.11.23"]
[Round "8.5"]
[White "Mantovani, Renzo"]
[Black "Bischoff, Klaus"]
[Result "1/2-1/2"]
[ECO "A00"]
[WhiteElo "2246"]
[BlackElo "2479"]
[Annotator "TA"]
[PlyCount "50"]
[EventDate "2022.11.14"]
[EventType "swiss"]
[EventCountry "ITA"]
[SourceTitle "playchess.com"]
[Source "ChessBase"]
[SourceQuality "1"]
[TimeControl "40/5400+30:1800+30"]

1. g3 d5 2. Bg2 e5 3. Nf3 Bd6 4. d3 Ne7 5. O-O c5 6. Nc3 {[%emt 0:11:35] A00: Irregular Openings.} Nbc6 7. e4 d4 8. Nd5 {[%emt 0:00:25] Black has an edge.} f6 9. c4 {[%emt 0:01:09] [#]} Bg4 $146 ({Predecessor:} 9... Nxd5 10. cxd5 Ne7 11. Nd2 h5 12. h4 Bg4 13. f3 Bd7 14. Nc4 Qc7 15. a4 O-O-O {1-0 (54) MacDonald Ross,M (2154)-Raedeker,B (2256) Dresden 2008}) 10. h3 Bh5 (10... Bd7 $142) 11. Bd2 (11. g4 $5 Bg6 12. Nh4 $11) 11... O-O 12. a3 Nxd5 13. cxd5 Ne7 14. b4 b6 15. Qb3 Qd7 16. Kh2 Rfc8 17. Nh4 Be2 {[%emt 0:07:27] [#] ...Qb5 is the strong threat.} 18. Rfc1 Qb5 19. Bf1 Bxf1 20. Rxf1 c4 21. dxc4 Qxc4 22. Qf3 Qc2 23. Rad1 Rf8 24. Nf5 Nxf5 25. Qxf5 {[%emt 0:00:07] [#] Hoping for Qe6+.} Qc8 {[%emt 0:00:23] Weighted Error Value: White=0.10 (very precise) /Black=0.06 (flawless)} 1/2-1/2

[Event "FIDE WSCC 50 2022"]
[Site "Assisi"]
[Date "2022.11.23"]
[Round "8.6"]
[White "de Francesco, Klaus"]
[Black "Pavlovic, Milos"]
[Result "0-1"]
[ECO "D95"]
[WhiteElo "2171"]
[BlackElo "2447"]
[Annotator "TA"]
[PlyCount "66"]
[EventDate "2022.11.14"]
[EventType "swiss"]
[EventCountry "ITA"]
[SourceTitle "playchess.com"]
[Source "ChessBase"]
[SourceQuality "1"]
[TimeControl "40/5400+30:1800+30"]

1. d4 d5 2. Nf3 Nf6 3. e3 g6 4. c4 Bg7 5. Nc3 O-O 6. Qb3 e6 7. Bd2 b6 8. cxd5 exd5 9. Rc1 {[%emt 0:01:22] D95: Grünfeld: 4 Nf3 Bg7 5 e3 0-0 6 Qb3.} Bb7 10. Be2 Nbd7 11. O-O {[%emt 0:00:35] Black has an edge.} a6 (11... c6 $15) 12. Rfd1 Re8 13. Be1 {[%emt 0:00:58] [#]} Bf8 $146 ({Predecessor:} 13... Nf8 14. Ne5 Ne6 15. f4 Rb8 16. Bf3 Ne4 17. Nxe4 dxe4 18. Be2 Bf8 19. Nc6 Bxc6 20. Rxc6 {1-0 (62) Khoroshev,N (2327)-Kazakov,M (2513) Chess.com INT 2022}) 14. a4 Bd6 15. a5 b5 16. Na4 Ne4 {[%emt 0:01:53] Against Nc5} (16... bxa4 17. Qxb7 Rb8 18. Qxa6 $16) 17. Nd2 Rb8 ({But not} 17... bxa4 18. Qxb7 Nef6 19. Qc6 $16 (19. Bxa6 Re6 $11)) 18. Nc3 Nef6 $36 {[%emt 0:00:47][%mdl 2048] Black has good play.} 19. Bf3 c5 20. dxc5 (20. Nxd5 $2 {is the wrong capture.} Nxd5 21. dxc5 Nxc5 22. Rxc5 Nxe3 23. fxe3 Bxc5 $19) 20... Nxc5 21. Qc2 b4 ({Much weaker is} 21... Qxa5 22. Nb3 Nxb3 23. Nxd5 $11) 22. Ne2 Qxa5 {[%emt 0:00:47] Black is more active.} 23. Nc4 $2 {[%emt 0:01:39] This move loses the game for White.} dxc4 $19 24. Rxd6 Bxf3 $1 25. Rxf6 (25. gxf3 $142 Nd3 26. Rb1) 25... Bxe2 26. Qxe2 c3 27. bxc3 b3 {[%emt 0:00:31][%cal Bb4b3,Bb3b2][%mdl 32] White must now prevent ...Qa2. Black is clearly winning.} 28. Qc4 Rb7 {[%emt 0:07:29] Threatens to win with ...b2.} 29. Rd6 Rd8 30. Rxd8+ Qxd8 31. Qxc5 {[%emt 0:01:03] [#]} b2 $1 32. Rb1 {[%emt 0:00:55] [#]} Qd3 $1 33. Qc8+ Kg7 {[%emt 0:00:02] Weighted Error Value: White=0.50/Black=0.04 (flawless)} 0-1

[Event "FIDE WSCC 50 2022"]
[Site "Assisi"]
[Date "2022.11.23"]
[Round "8.7"]
[White "Vinter-Schou, Uffe"]
[Black "Berend, Elvira"]
[Result "1-0"]
[ECO "A13"]
[WhiteElo "2375"]
[BlackElo "2280"]
[Annotator "TA"]
[PlyCount "43"]
[EventDate "2022.11.14"]
[EventType "swiss"]
[EventCountry "ITA"]
[SourceTitle "playchess.com"]
[Source "ChessBase"]
[SourceQuality "1"]
[TimeControl "40/5400+30:1800+30"]

1. c4 {[%emt 0:00:01] Kapnisis,Spyridon} e6 2. Nf3 Nf6 3. e3 d5 4. b3 Bd6 5. Bb2 O-O 6. Nc3 {[%emt 0:00:17] A13: English Opening: 1...e6.} Re8 {[%emt 0:00:41] outshines the older 6...c6.} 7. Qc2 c5 8. cxd5 {[%emt 0:08:00] The position is equal.} exd5 {[%emt 0:00:34] next ...Nc6 is good for Black.} 9. Bb5 Nc6 {[%emt 0:00:17] [#]} 10. O-O $146 ({Predecessor:} 10. Bxc6 bxc6 11. Na4 Ba6 12. Nxc5 Bxc5 13. Qxc5 Ne4 14. Qd4 f6 15. Rc1 c5 16. Rxc5 Nxc5 17. Qxc5 {1-0 (52) Pultinevicius,P (2519)-Gajewski,G (2616) Warsaw 2020 CBM 198 extra [Kapnisis,Spyridon]}) 10... Bg4 11. Bxc6 bxc6 12. Ne2 Ne4 {[%emt 0:07:38] [#] And now ...Bxf3 would win.} 13. Ng3 Re6 14. d3 Rh6 15. dxe4 $16 Bxf3 16. e5 (16. gxf3 $2 {is the wrong capture.} Qh4 17. Rfc1 Qxh2+ 18. Kf1 Bxg3 19. fxg3 Qh1+ 20. Ke2 Qg2+ 21. Kd3 Qxf3 22. Qxc5 Rh2 $19) 16... Bf8 {[%emt 0:18:05] Black cannot hold the game after this.} (16... Qh4 $16 17. h3 Bf8) 17. gxf3 $18 Qh4 {[%emt 0:00:06][%csl Gh6][%cal Rh4h2] [#]} 18. Rfd1 Qh3 19. Qf5 Qxh2+ 20. Kf1 g6 21. Qd7 Rh3 $2 (21... Qh3+ 22. Qxh3 Rxh3) 22. e6 {[%emt 0:00:42] Weighted Error Value: White=0.14 (very precise) /Black=0.49} 1-0

[Event "FIDE WSCC 50 2022"]
[Site "Assisi"]
[Date "2022.11.23"]
[Round "8.8"]
[White "Tereladze, Sopio"]
[Black "Krizsany, Laszlo"]
[Result "1/2-1/2"]
[ECO "A43"]
[WhiteElo "2154"]
[BlackElo "2371"]
[Annotator "TA"]
[PlyCount "122"]
[EventDate "2022.11.14"]
[EventType "swiss"]
[EventCountry "ITA"]
[SourceTitle "playchess.com"]
[Source "ChessBase"]
[SourceQuality "1"]
[TimeControl "40/5400+30:1800+30"]

1. d4 c5 2. d5 f5 3. g3 Nf6 4. Bg2 e5 5. dxe6 d5 {[%emt 0:01:05][%cal Bd7d5,Bd5d4][%mdl 32] [#]} 6. e3 $146 {[%emt 0:06:59] A43: Schmid Benoni.} (6. Nh3 $16) ({Predecessor:} 6. c4 Bxe6 7. Nh3 Nc6 8. Nf4 Bf7 9. Nxd5 Nxd5 10. cxd5 Nb4 11. Nc3 Qa5 12. Bd2 {1-0 (29) Jarvenpaa,J (2268)-Tiitta,S (2203) Finland 2017}) 6... Nc6 $11 {[%emt 0:04:52] Inhibits c4.} 7. Ne2 Bxe6 8. Nf4 Bf7 9. Nc3 d4 10. Nce2 g5 11. Nh3 (11. Bxc6+ $11 bxc6 12. Ng2) 11... Bd5 (11... h6 {simplifies} 12. exd4 Qd7 13. O-O O-O-O) 12. e4 Nxe4 13. Nxg5 Qa5+ (13... Nxg5 14. Bxg5 Be7 15. Bxe7 Nxe7 16. Nf4 Qa5+ 17. c3 Bxg2 18. Qh5+ Ng6 19. Nxg2 $11) ({Black should try} 13... Nc3 $1 $15 14. bxc3 Bxg2) 14. Kf1 $1 O-O-O (14... Bxa2 $2 15. Nxe4 fxe4 16. Bxe4 $18) 15. Nxe4 (15. Nf4 $1 $11 {was the only way to keep the balance.} Bc4+ 16. Nd3) 15... fxe4 (15... Bxe4 $17 16. Bxe4 fxe4) 16. Nf4 $15 Bc4+ (16... Bxa2 17. b3 $16) 17. Kg1 Re8 (17... Bxa2 $2 18. Bxe4 Qa6 19. Ne6 $18) 18. Bd2 Qc7 19. Qg4+ Kb8 20. Re1 {[%emt 0:00:31] Against e3} e3 ({Don't take} 20... Bxa2 21. Rxe4 Rxe4 22. Bxe4 $14) (20... h5 $5 21. Qd1 Qh7 $11) 21. fxe3 dxe3 22. Rxe3 Bg7 (22... Rd8 $15 23. Bc1 Bh6) 23. Rxe8+ (23. Bxc6 $16 bxc6 24. Kg2) 23... Rxe8 $11 24. h3 Bxb2 25. Kh2 Rg8 {[%emt 0:00:42] Prevents c3.} 26. Qh5 (26. Qf3 $14 Bxa2 27. Re1) 26... Bd4 (26... Qg7 $5 27. Be1 Be5 28. Bxc6 bxc6 $15) 27. Re1 Bf7 {[%emt 0:01:04] Against c3} ({Don't play} 27... Bxa2 28. c3 Bf6 29. Qxc5 $16) (27... Qf7 {simplifies} 28. Qxf7 Bxf7 29. Ne6 Kc8) 28. Qxh7 Bf2 $2 {[%emt 0:01:57] [#] Against c3} (28... Bxa2 $11 {and Black has nothing to worry.} 29. Qxc7+ Kxc7) 29. Qxg8+ $3 $18 Bxg8 30. Re8+ Qc8 31. Rxc8+ Kxc8 32. a3 Nd4 $2 (32... Ne5 33. Be4 Nc4) 33. Be4 (33. Nd3 $142) 33... Nb5 34. Bc1 Nd6 35. Bg6 b5 36. h4 a5 (36... Kd7 {is a better defense.} 37. h5 Bd4) 37. h5 b4 38. h6 {[%emt 0:00:55] a4 is the strong threat.} Bd4 (38... bxa3 $142 39. Bxa3 a4) 39. h7 Bf7 {[%emt 0:01:24] [#]} 40. Bxf7 (40. Be3 $142 $1 {[%mdl 512] Strongly threatening Bxd4.} Bc3 41. a4) 40... Nxf7 {[%emt 0:00:02][%mdl 4096] Endgame KBN-KBN} 41. Ne6 Bc3 42. Nxc5 bxa3 43. Bxa3 Ng5 44. g4 ({Better is} 44. Na4 $18 Bf6 45. g4 (45. Nb6+ Kb7 $16)) 44... Nxh7 $16 45. Ne4 Be5+ {[%emt 0:00:55] [#]} (45... Bg7 $16) 46. Kh3 $1 $18 Kd7 47. Kg2 $2 (47. g5 $18) 47... Kc6 (47... Bg7 $14) 48. c4 Bf4 (48... Bg7 $1 $14) 49. Kf3 $16 Bh6 50. Ke2 (50. Bb2 $16) 50... Nf8 51. g5 {[%emt 0:00:00] White is more active.} Bg7 52. Bxf8 Bxf8 $14 {[%emt 0:00:00] KB-KN} 53. Kd3 {[%emt 0:00:00] aiming for Kc3.} Bg7 54. Kc2 {[%emt 0:00:00] And now Kb3 would win.} (54. Nc3 $5 ) 54... a4 {[%emt 0:00:00] The position is equal.} 55. Kb1 Kb6 56. Ka2 Ka5 57. Ka3 {[%emt 0:00:00] Threatens to win with Nd6.} (57. c5 $5) 57... Bf8+ 58. c5 {[%emt 0:00:00] Hoping for Nd6.} Kb5 59. g6 Bh6 60. Kb2 Bg7+ 61. Kc2 Bh8 {[%emt 0:00:16] Black defended with fortune.   Weighted Error Value: White=0.31/Black=0.30} 1/2-1/2

[Event "FIDE WSCC 50 2022"]
[Site "Assisi"]
[Date "2022.11.23"]
[Round "8.9"]
[White "Paschall, William"]
[Black "Rewitz, Poul"]
[Result "1-0"]
[ECO "A11"]
[WhiteElo "2343"]
[BlackElo "2172"]
[Annotator "TA"]
[PlyCount "67"]
[EventDate "2022.11.14"]
[EventType "swiss"]
[EventCountry "ITA"]
[SourceTitle "playchess.com"]
[Source "ChessBase"]
[SourceQuality "1"]
[TimeControl "40/5400+30:1800+30"]

1. c4 c6 2. Nf3 d5 3. e3 Nf6 4. Nc3 e6 5. b3 Be7 6. Bb2 {[%emt 0:02:54] A11: English Opening: 1...c6.} O-O 7. Qc2 a6 8. Rg1 {[%emt 0:10:58] [#]} (8. d4 $14) 8... c5 $146 ({Predecessor:} 8... b5 9. g4 Nbd7 10. g5 Ne8 11. Bd3 g6 12. h4 Ng7 13. O-O-O bxc4 14. bxc4 Rb8 {½-½ (67) Agrest,E (2583)-Brynell,S (2412) Malmo 2019}) 9. g4 d4 {[%emt 0:18:25] Against g5} (9... Nc6 {keeps more tension.} 10. g5 Nh5 11. Na4 Nb4) 10. g5 Nh5 11. Ne4 Nc6 {[%emt 0:01:41] Against Ne5} 12. a3 e5 13. Bd3 g6 14. Ng3 Ng7 (14... Bxg5 $2 15. Nxh5 Be7 16. Be4 $18) 15. h4 a5 ({Black should try} 15... Qc7 $17) 16. Be4 Qc7 17. h5 a4 18. bxa4 Be6 19. Bd5 Rfd8 {[%emt 0:01:09] White must now prevent ...Rxd5.} ({Much weaker is} 19... Nxh5 20. Nxh5 gxh5 21. g6 $14) (19... Rad8 $5 ) 20. hxg6 (20. h6 $11 {was preferrable.} Nf5 21. Nxf5 Bxf5 22. d3) 20... hxg6 (20... fxg6 $15 {stays ahead.} 21. Bxe6+ Nxe6) 21. Qe4 {[%emt 0:00:00] Strongly threatening Qh4.} (21. Rh1 {looks sharper.} Nf5 22. Bxe6 fxe6 23. O-O-O) 21... Kf8 $2 {[%emt 0:08:54] This costs Black the game.} (21... Rxa4 $2 22. Qh4 Bxd5 23. cxd5 (23. Rh1 Nh5 $18) 23... dxe3 24. Qxa4 $18) (21... Bf8 $14) 22. Rh1 $18 Ke8 $2 (22... Nf5 {was called for.} 23. Bxe6 fxe6) 23. Rh8+ Bf8 24. d3 Rxa4 (24... Ke7 {is a better defense.} 25. Bxc6 Qxc6 26. Qxe5 Qxf3 27. Qc7+ (27. exd4 Kd7 $11) 27... Rd7 28. Qxc5+ Rd6) 25. Bxc6+ bxc6 26. Nxe5 dxe3 27. Qxe3 Qb6 28. Bc3 Qb3 {[%emt 0:03:20] [#]} 29. Ne4 (29. Qxc5 $142 $1 Qxc3+ 30. Kf1 Bh3+ 31. Kg1) 29... Nf5 30. Qxc5 {[%emt 0:00:00][%csl Gc5][%cal Rh8f8] White mates.} Rd6 31. Nxd6+ Nxd6 32. Qxc6+ Ke7 33. Qc7+ Ke8 34. Rxf8+ {[%emt 0:00:00] Weighted Error Value: White=0.16 (very precise) /Black=0.74} (34. Bd4 $142 Rxa3 35. Qc6+ Ke7 {[#]} 36. Nxg6+ $1 fxg6 37. Bf6+ Kf7 38. Qc7+ Bd7 39. Qxd7+ Be7 40. Qxe7#) 1-0